 Dungeon Crawl Stone Soup version 0.24-a0-525-g9231cdcba1 (webtiles) character file.

Game seed: 17472735853980410903

59 BinkBink the Sneak (level 3, 0/18 HPs)
             Began as a Spriggan Assassin on Aug 3, 2019.
             Was an Initiate of Gozag.
             Slain by a kobold
             ... wielding a +0 whip
              (3 damage)
             ... on level 2 of the Dungeon.
             The game lasted 00:04:34 (1388 turns).

BinkBink the Sneak (Spriggan Assassin)              Turns: 1388, Time: 00:04:34

Health: 0/18       AC:  3    Str:  7    XL:     3   Next: 78%
Magic:  4/4        EV: 17    Int: 12    God:    Gozag
Gold:   119        SH:  0    Dex: 18    Spells: 2/2 levels left

rFire    . . .     SeeInvis +   a - +2 dagger
rCold    . . .     Gourm    .   (shield restricted)
rNeg     . . .     Faith    .   b - +0 robe
rPois    .         Spirit   .   (helmet restricted)
rElec    .         Reflect  .   c - +0 cloak
rCorr    .         Harm     .   (gloves unavailable)
MR       .....                  (boots unavailable)
Stlth    ++++......             (no amulet)
HPRegen  0.06/turn              (no ring)
MPRegen  0.09/turn              (no ring)

@: very quick
A: very small, unfitting armour, see invisible, herbivore, speed 3, slow
metabolism 2
a: Potion Petition, Call Merchant, Bribe Branch, Renounce Religion


You were on level 2 of the Dungeon.
You worshipped Gozag.
Gozag was aware of your devotion.
You were not hungry.

You visited 1 branch of the dungeon, and saw 2 of its levels.

You collected 149 gold pieces.
You paid 30 gold pieces to Gozag.

Inventory:

Hand Weapons
 a - a +2 dagger (weapon)
Missiles
 d - 23 poisoned darts (quivered)
 e - 2 curare-tipped darts
Armour
 b - a +0 robe (worn)
 c - a +0 cloak (worn)
Scrolls
 h - 5 scrolls of identify {unknown}
 j - 3 scrolls of teleportation {unknown}
 k - a scroll of fear {unknown}
 m - 3 scrolls of remove curse {unknown}
Potions
 g - a potion of curing {unknown}
 i - 2 potions of might {unknown}
 l - a potion of magic {unknown}
 n - a potion of ambrosia {unknown}
 o - a potion of lignification {unknown}
Comestibles
 f - 4 rations


   Skills:
 + Level 1.7 Fighting
 + Level 2.6 Short Blades
 + Level 2.1 Throwing
 + Level 2.1 Dodging
 + Level 7.5 Stealth


You had 2 spell levels left.
You didn't know any spells.
Your spell library was empty.

Dungeon Overview and Level Annotations

Branches:
Dungeon (2/15)

Altars:
Gozag

Annotations:
D:2 Sigmund, Terence


Innate Abilities, Weirdness & Mutations

You are very small and have problems with some larger weapons.
You are too small for most types of armour.
You have supernaturally acute eyesight. (SInv)
You are a herbivore.
You cover ground extremely quickly.
You need to consume almost no food.


Message History

You hit the frilled lizard.
You kill the frilled lizard!
You now have 119 gold pieces (gained 6).
There is a stone staircase leading up here.
Found a whip.
A kobold comes into view. It is wielding a +0 whip.
Found a +0 short sword.
A kobold is nearby!
You are too injured to fight recklessly!
A frilled lizard comes into view.
The kobold closely misses you.
You hit the kobold.
The kobold is severely wounded.
The kobold hits you with a +0 whip.
* * * LOW HITPOINT WARNING * * *
You closely miss the kobold.
The kobold is severely wounded.
The kobold hits you with a +0 whip.
You die...
Your body crumbles into a pile of gold.

#####.##.........#.....##.
#<##.###.###)#........
#....##...##.#......##
###..#.....#.).....##
#...........##..## #
##..#.....#..#....###
#.>.##...##..........
#.#.#######.#....(...
###.#K@................
#.....####..#...)......
l....%#)### ##.#.#........
###)....# #...)........
##..... #...#........
...#... .........##..#.#
........# .#####.........#
.......K# #.#.#...... ..
..#.## ........#..


You could see a kobold.

Vanquished Creatures
  An ooze (D:2)
  A worm (D:2)
  2 dart slugs (D:1)
  2 leopard geckos (D:1)
  2 giant cockroaches (D:2)
  4 goblins
  8 hobgoblins
  2 jackals (D:2)
  3 bats
  6 frilled lizards
  7 kobolds
  10 rats
48 creatures vanquished.

Notes
Turn   | Place    | Note
-------+----------+-------------------------------------------
     0 | D:1      | BinkBink the Spriggan Assassin began the quest for the Orb.
     0 | D:1      | Reached XP level 1. HP: 10/10 MP: 2/2
    80 | D:1      | Reached skill level 6 in Stealth
   139 | D:1      | Reached XP level 2. HP: 12/14 MP: 3/3
   248 | D:1      | Reached skill level 7 in Stealth
   317 | D:1      | Reached XP level 3. HP: 18/18 MP: 4/4
   664 | D:2      | Found an opulent altar of Gozag.
   783 | D:2      | Became a worshipper of Gozag Ym Sagoz the Greedy
   908 | D:2      | Noticed Terence
  1027 | D:2      | Noticed Sigmund
  1388 | D:2      | Slain by a kobold

Levels and vault maps discovered:
D:1:      wander_arrival_lonely_grave, layout_loops_ring, minmay_small_reverse_x
D:2:      layout_rooms, grunt_gozag_statues, first_ration,
          minmay_misc_feat_enclosed, uniq_sigmund, uniq_terence

Skill      XL: |  1  2  3 |
---------------+----------+-----
Stealth        | 6 7 |  7.5
Dodging        | 2 |  2.1
Fighting       | |  1.7
Short Blades   | |  2.6
Throwing       | |  2.1

Action                   || total
-------------------------++-------
Melee: Dagger            ||   160
 Stab: Sleeping          ||    11
Armor: Robe              ||    19
Dodge: Dodged            ||    88

Table legend:
 A = Non-vault XP
 B = Vault XP
 C = Vault XP percentage of total XP
 D = Non-vault monster count
 E = Vault monster count
 F = Vault count percentage of total count
                 A         B        C        D         E       F
            +---------+---------+-------+---------+---------+-------
      Total |      79 |       6 |   7.1 |      44 |       4 |   8.3
            +---------+---------+-------+---------+---------+-------
        D:1 |      43 |       6 |  12.2 |      25 |       4 |  13.8
        D:2 |      36 |       0 |   0.0 |      19 |       0 |   0.0
            +---------+---------+-------+---------+---------+-------
